 Dungeon Crawl Stone Soup version 0.15-a0-2246-gfd41422 (webtiles) character file.

42898 MRaven the Protected (level 13, -7/116 HPs)
             Began as a Minotaur Abyssal Knight on July 25, 2014.
             Was the Champion of Lugonu.
             Killed from afar by a frost giant (28 damage)
             ... with a bolt of cold
             ... on Level 15 of the Dungeon on July 26, 2014.
             The game lasted 02:32:13 (24291 turns).

MRaven the Protected (Minotaur Abyssal Knight)     Turns: 24291, Time: 02:32:13

HP  -7/116       AC 26     Str 21      XL: 13   Next: 87%
MP  23/25        EV  6     Int  8 (9)  God: Lugonu [******]
Gold 806         SH 12     Dex 17      Spells:  0 memorised, 12 levels left

rFire  . . .     SeeInvis .     C - +3 mace (flame)
rCold  . . .     Clarity  +     l - +2 plate armour
rNeg   . . .     rCorr    .     k - +0 shield
rPois  +         rRot     .     (helmet restricted)
rElec  .         Spirit   .     s - +2 cloak {MR+}
SustAb .         Warding  .     h - +2 pair of gloves {Dex+3}
rMut   .         Stasis   .     (no boots)
Gourm  .                        v - cursed amulet of clarity
MR     +....                    u - +3 ring of dexterity
                                y - +1 ring of protection

@: somewhat resistant to hostile enchantments, extremely unstealthy
A: retaliatory headbutt, horns 2, poison resistance
a: Depart the Abyss, Bend Space, Banish, Corrupt, Enter the Abyss, Renounce
Religion


You were on level 15 of the Dungeon.
You worshipped Lugonu.
Lugonu was exalted by your worship.
You were not hungry.

You visited 1 branch of the dungeon, and saw 15 of its levels.
You visited the Abyss 1 time.

You collected 1181 gold pieces.
You spent 375 gold pieces at shops.

Inventory:

Hand weapons
 z - a +0 blowgun
 C - a +3 mace of flaming (weapon)
Missiles
 A - 3 poisoned needles
Armour
 h - a +2 pair of gloves of dexterity (worn)
 k - a +0 shield (worn)
 l - a +2 plate armour (worn)
 s - a +2 cloak of magic resistance (worn)
 w - a cursed +0 leather armour of magic resistance
 H - a +2 robe of magic resistance
 J - the +3 leather armour of the Shining Light {Str+4 Int+4}
   (You found it on level 14 of the Dungeon)

   It affects your strength (+4).
   It affects your intelligence (+4).
 Q - a +2 chain mail of cold resistance
Magical devices
 a - a wand of polymorph (15)
 f - a wand of draining (0)
 j - a wand of flame (13)
 x - a wand of cold (5)
 E - a wand of fireball (1)
 F - a wand of draining (0)
 N - a wand of cold (9)
Comestibles
 c - 7 bread rations
 g - 7 meat rations
Scrolls
 e - 9 scrolls of remove curse
 r - a scroll of amnesia
 t - 2 scrolls of fear
 B - a scroll of magic mapping
 D - 6 scrolls of identify
 G - 2 scrolls of blinking
 L - 6 scrolls of teleportation
 P - a scroll of recharging
Jewellery
 b - an uncursed ring of see invisible
 i - an uncursed ring of protection from fire
 p - a cursed +1 ring of intelligence
 u - a +3 ring of dexterity (right hand)
 v - a cursed amulet of clarity (around neck)
 y - a +1 ring of protection (left hand)
 I - an uncursed ring of protection from fire
 O - an uncursed amulet of the gourmand
Potions
 d - 2 potions of magic
 m - 2 potions of curing
 n - 2 potions of resistance
 o - a potion of invisibility
 q - 4 potions of restore abilities
 M - a potion of cure mutation {unknown}
Books
 K - a book of Flames

   Spells                             Type                      Level
   Flame Tongue                       Conjuration/Fire             1
   Throw Flame                        Conjuration/Fire             2
   Conjure Flame                      Conjuration/Fire             3
   Inner Flame                        Hexes/Fire                   3
   Sticky Flame                       Conjuration/Fire             4
   Fireball                           Conjuration/Fire             5


   Skills:
 + Level 11.0 Fighting
   Level 2.4(7.1) Axes
 - Level 14.1(14.2) Maces & Flails
 + Level 14.2 Armour
 - Level 1.1 Dodging
 * Level 9.9 Shields
 + Level 12.4 Invocations


You had 12 spell levels left.
You didn't know any spells.

Dungeon Overview and Level Annotations

Branches:
Dungeon (15/15)            Temple (0/1) D:5             Orc (0/4) D:10
   Lair (0/8) D:10         Vaults (0/5) D:14         Depths (0/5) D:15

Altars:
Ashenzari
Dithmenos
Fedhas
Vehumet
Yredelemnul
Zin

Shops:
D:5 *   D:7 :   D:9 :   D:13 *   D:14 ?

Annotations:
D:2 Terence
D:7 exclusion: 4 doors


Innate Abilities, Weirdness & Mutations

You reflexively headbutt those who attack you in melee.
You have a pair of horns on your head.
Your system is resistant to poisons.


Message History

* * * LOW HITPOINT WARNING * * *
The frost giant freezes you!
* * * LOW HITPOINT WARNING * * *
Drink which item? (? for menu, Esc to quit)
Okay, then.
Use which ability? (? or * to list) Space bends around you!
You blink.
* * * LOW HITPOINT WARNING * * *
You feel slightly more hungry.
Use which ability? (? or * to list) Space bends around you!
You blink.
* * * LOW HITPOINT WARNING * * *
You feel slightly more hungry.
The frost giant hits you with a battleaxe of freezing.
* * * LOW HITPOINT WARNING * * *
The frost giant freezes you.
* * * LOW HITPOINT WARNING * * *
The frost giant casts a spell at you. The bolt of cold hits you!
You die...

#######
+...C.#
#.§.#.#
#.#...#@#
#.##+##)#
#.≈...≈.#
#.≈...≈(#
#.≈.≈.≈.#
#.#.#.#.#
##
#≈..#..≈#
.....
#≈≈...≈≈#
.zW...
####'####


You could see a frost giant.

Vanquished Creatures
  Maud (D:15)
  Gastronok (D:9)
  A vault guard (D:14)
  A hydra (D:13)
  2 centaur warriors
  The ghost of lennard the Grappler, an experienced TrFi of Nemelex Xobeh (D:9)
  Erolcha (D:8)
  5 unseen horrors
  A deep troll (D:15)
  2 griffons
  An orc knight (D:13)
  5 hill giants
  An orc sorcerer (D:12)
  A cyclops (D:14)
  3 wizards (D:14)
  5 gargoyles
  A komodo dragon (D:10)
  The ghost of Protee the Chiller, an experienced DgIE (D:4)
  4 molten gargoyles (D:14)
  4 tengu conjurers
  A hydra zombie (D:13)
  A freezing wraith (D:14)
  2 trolls
  Prince Ribbit (D:6)
  3 two-headed ogres
  4 ravens
  A basilisk (D:13)
  20 humans (D:14)
  4 deep elf magi
  31 ugly things
  A shadow (D:14)
  4 yaks (D:11)
  3 wyverns
  2 hill giant zombies
  A hungry ghost (D:15)
  Eustachio (D:8)
  4 wolves
  3 hippogriffs
  Grum (D:8)
  2 water moccasins
  Menkaure (D:5)
  A mottled dragon (D:15)
  8 vampire mosquitoes
  8 orc warriors
  A necrophage (D:8)
  9 sky beasts
  4 ogres
  4 ice beasts
  16 centaurs
  A crocodile (D:10)
  Sigmund (D:6)
  Duvessa (D:9)
  2 big kobolds
  2 brain worms
  A yaktaur zombie (D:12)
  A hill giant simulacrum (D:10)
  10 giant frogs
  3 cyclops zombies
  3 scorpions
  A troll zombie (D:8)
  5 jellies
  An eye of draining (D:11)
  9 killer bees
  Dowan (D:9)
  16 wights
  13 crimson imps
  2 hounds
  2 centaur zombies
  2 quasits
  10 orc priests
  6 iguanas
  A basilisk skeleton (D:13)
  8 worker ants
  8 orc wizards
  A big kobold skeleton (D:9)
  A black bear simulacrum (D:10)
  5 mummies
  A hound skeleton (D:8)
  4 gnolls
  2 shadow imps
  8 adders
  A white imp (D:10)
  2 worms
  An iguana skeleton (D:6)
  An iguana zombie (D:3)
  An adder skeleton (D:8)
  8 giant geckos
  36 orcs
  3 ball pythons
  11 bats
  A bat skeleton (D:6)
  5 giant cockroaches
  14 hobgoblins
  32 jackals
  18 kobolds
  3 quokkas
  3 giant newts
  13 goblins
  A hobgoblin skeleton (D:9)
  A kobold skeleton (D:7)
  An orc skeleton (D:6)
  A quokka skeleton (D:4)
  37 rats
510 creatures vanquished.

Vanquished Creatures (others)
  A hill giant (D:10)
  A cyclops (D:15)
  A molten gargoyle (D:14)
  A mottled dragon (D:15)
  2 wights (D:13)
  An electric eel (D:10)
  A plant (D:10)
8 creatures vanquished.

Grand Total: 518 creatures vanquished

Notes
Turn   | Place    | Note
--------------------------------------------------------------
     0 | Abyss:1  | MRaven, the Minotaur Abyssal Knight, began the quest for the Orb.
     0 | Abyss:1  | Reached XP level 1. HP: 19/19 MP: 1/1
    64 | Abyss:1  | Noticed a spatial maelstrom
    67 | D:1      | Escaped the Abyss
   242 | D:1      | Reached skill level 4 in Fighting
   355 | D:1      | Acquired Lugonu's first power
   355 | D:1      | Reached XP level 2. HP: 27/27 MP: 1/1
   694 | D:1      | Reached skill level 5 in Fighting
   961 | D:1      | Reached XP level 3. HP: 32/36 MP: 2/2
  1154 | D:2      | Acquired Lugonu's second power
  1616 | D:2      | Reached XP level 4. HP: 32/44 MP: 3/3
  1797 | D:2      | Reached skill level 6 in Fighting
  2141 | D:2      | Noticed Terence
  2832 | D:3      | Acquired Lugonu's third power
  3084 | D:3      | Reached XP level 5. HP: 48/51 MP: 3/3
  3107 | D:3      | Reached skill level 7 in Fighting
  3429 | D:4      | Noticed Protee's ghost (experienced DgIE)
  3446 | D:4      | Killed Protee's ghost
  3446 | D:4      | Reached skill level 9 in Fighting
  3446 | D:4      | Reached XP level 6. HP: 25/63 MP: 4/4
  3978 | D:4      | Found a shattered altar of Ashenzari.
  4229 | D:4      | Reached XP level 7. HP: 33/70 MP: 4/4
  4233 | D:4      | Acquired Lugonu's fourth power
  4881 | D:5      | Entered Level 5 of the Dungeon
  4899 | D:5      | Noticed Menkaure
  4902 | D:5      | Killed Menkaure
  4902 | D:5      | Reached skill level 10 in Fighting
  5108 | D:5      | Found a staircase to the Ecumenical Temple.
  5135 | D:5      | Found a basalt altar of Yredelemnul.
  5438 | D:5      | Found Myejaergh's Elemental Accessories.
  6398 | D:6      | Noticed Sigmund
  6791 | D:6      | Killed Sigmund
  6791 | D:6      | Reached XP level 8. HP: 79/79 MP: 9/9
  7090 | D:6      | Reached skill level 5 in Armour
  7773 | D:6      | Noticed Prince Ribbit
  7786 | D:6      | Acquired Lugonu's fifth power
  7790 | D:6      | Killed Prince Ribbit
  7790 | D:6      | Reached skill level 5 in Invocations
  8680 | D:7      | Noticed a death yak
  8683 | D:7      | Noticed a griffon
  8683 | D:7      | Noticed a polar bear
  8685 | D:7      | Noticed a polar bear
  8685 | D:7      | Noticed a death yak
  8847 | D:7      | Found Pleikh's Book Boutique.
  9367 | D:7      | Reached XP level 9. HP: 81/85 MP: 13/15
  9373 | D:7      | Found a radiant altar of Vehumet.
  9937 | D:8      | Noticed Erolcha
  9948 | D:8      | Killed Erolcha
 10349 | D:8      | Noticed a centaur zombie
 10357 | D:8      | Killed a centaur zombie
 10357 | D:8      | Reached skill level 10 in Armour
 10404 | D:8      | Found a shadowy altar of Dithmenos.
 10467 | D:8      | Noticed Eustachio
 10480 | D:8      | Killed Eustachio
 10480 | D:8      | Reached skill level 1 in Maces & Flails
 10567 | D:8      | Noticed Grum
 10602 | D:8      | Reached XP level 10. HP: 26/93 MP: 18/18
 10937 | D:8      | Killed Grum
 11697 | D:9      | Upgraded the game from 0.15-a0-2232-g756d4b8 to 0.15-a0-2246-gfd41422
 11705 | D:9      | Noticed Duvessa
 11705 | D:9      | Noticed Dowan
 11721 | D:9      | Killed Duvessa
 11727 | D:9      | Killed Dowan
 11927 | D:9      | Identified a scroll of acquirement
 12072 | D:9      | Noticed lennard's ghost (experienced TrFi)
 12107 | D:9      | Killed lennard's ghost
 12107 | D:9      | Reached skill level 5 in Maces & Flails
 12466 | D:9      | Found Zugeunoi's Book Emporium.
 12548 | D:9      | Noticed Gastronok
 12583 | D:9      | Killed Gastronok
 12583 | D:9      | Reached skill level 11 in Armour
 13339 | D:10     | Entered Level 10 of the Dungeon
 13457 | D:10     | Found a staircase to the Orcish Mines.
 13523 | D:10     | Reached XP level 11. HP: 67/99 MP: 21/21
 14060 | D:10     | Noticed a hill giant
 14386 | D:10     | Banished a hill giant
 14386 | D:10     | Reached skill level 10 in Invocations
 14769 | D:10     | Found a staircase to the Lair.
 15422 | D:11     | Noticed a hill giant
 15429 | D:11     | Killed a hill giant
 15650 | D:11     | Reached skill level 10 in Maces & Flails
 15650 | D:11     | Reached skill level 12 in Armour
 16236 | D:11     | Noticed a hill giant
 16246 | D:11     | Killed a hill giant
 16443 | D:11     | Reached skill level 1 in Shields
 17057 | D:12     | Found a glowing silver altar of Zin.
 17087 | D:12     | Noticed an unseen horror
 17101 | D:12     | Killed an unseen horror
 17101 | D:12     | Reached XP level 12. HP: 51/106 MP: 23/23
 18035 | D:13     | Found Cladd's General Store.
 18040 | D:13     | Noticed a centaur warrior
 18041 | D:13     | Banished a centaur warrior
 18517 | D:13     | Reached skill level 5 in Shields
 18963 | D:13     | Reached skill level 13 in Armour
 19204 | D:13     | Noticed a four-headed hydra
 19213 | D:13     | Killed a four-headed hydra
 20519 | D:13     | Reached XP level 13. HP: 103/113 MP: 25/25
 20600 | D:14     | Got a faintly humming leather armour
 20612 | D:14     | Identified the +3 leather armour of the Shining Light {Str+4 Int+4} (You found it on level 14 of the Dungeon)
 20662 | D:14     | Found a blossoming altar of Fedhas.
 20806 | D:14     | Gained mutation: Your system is resistant to poisons. [potion of beneficial mutation]
 21867 | D:14     | Reached skill level 14 in Maces & Flails
 22277 | D:14     | Found a gate to the Vaults.
 22759 | D:14     | Found Apamaivuimp's Magic Scroll Shop.
 22765 | D:14     | Bought a scroll of fear for 45 gold pieces
 22765 | D:14     | Bought a scroll of teleportation for 39 gold pieces
 22765 | D:14     | Bought a scroll of identify for 26 gold pieces
 22765 | D:14     | Bought a scroll of blinking for 97 gold pieces
 22765 | D:14     | Bought a scroll of enchant armour for 97 gold pieces
 22765 | D:14     | Bought a scroll of identify for 26 gold pieces
 22765 | D:14     | Bought a scroll of fear for 45 gold pieces
 22774 | D:15     | Entered Level 15 of the Dungeon
 24072 | D:15     | Noticed Maud
 24098 | D:15     | Killed Maud
 24275 | D:15     | Found a staircase to the Depths.
 24275 | D:15     | Noticed a frost giant
 24291 | D:15     | Killed from afar by a frost giant

Action                   |  1- 3 |  4- 6 |  7- 9 | 10-12 | 13-15 || total
-------------------------+-------+-------+-------+-------+-------++-------
Melee: Hand axe          |   105 |     9 |       |       |       ||   114
       Dagger            |       |   119 |   352 |    30 |       ||   501
       Mace              |       |       |    12 |  1083 |   487 ||  1582
 Fire: Blowgun           |       |       |     9 |    13 |       ||    22
Invok: Depart the Abyss  |     1 |       |       |       |       ||     1
       Bend Space        |       |     1 |     4 |     6 |     2 ||    13
       Banish            |       |       |     1 |     8 |       ||     9
Evoke: Wand              |       |     1 |     7 |    17 |     3 ||    28
  Use: Scroll            |     1 |     6 |     5 |    14 |     5 ||    31
       Potion            |       |     4 |     2 |    10 |     2 ||    18
 Stab: Distracted        |       |       |       |       |     1 ||     1
  Eat: Chunk             |     2 |     6 |     2 |     8 |     1 ||    19
       Bread ration      |       |     1 |     3 |     4 |     2 ||    10
       Pizza             |       |     1 |     1 |     1 |       ||     3
       Fruit             |       |       |     2 |       |       ||     2
       Beef jerky        |       |       |       |     6 |       ||     6
       Meat ration       |       |       |       |       |     1 ||     1
